 Dungeon Crawl Stone Soup version 0.14-a0-3445-g2afddda (webtiles) character file.

902 MrRokkomies the Ruinous (level 7, 0/41 HPs)
             Began as an Octopode Wizard on Mar 23, 2014.
             Was a Believer of Sif Muna.
             Slain by an ice beast (7 damage)
             ... on Level 6 of the Dungeon.
             The game lasted 00:20:46 (6162 turns).

MrRokkomies the Ruinous (Octopode Wizard)           Turns: 6162, Time: 00:20:47

HP   0/41        AC  1     Str  8      XL: 7   Next: 91%
MP  22/23        EV 12     Int 20      God: Sif Muna [**....]
Gold 100         SH  0     Dex  9 (11) Spells:  5 memorised,  2 levels left

rFire  . . .     SeeInvis .     g - +2,+1 dagger (venom)
rCold  . . .     Clarity  .     (no shield)
rNeg   . . .     Conserve .     b - +0 hat
rPois  .         rCorr    .     (no amulet)
rElec  .         rRot     .     s - cursed ring of magical power
SustAb . .       Spirit   .     (no ring)
rMut   .         Warding  .     (no ring)
Saprov . . .     Stasis   .     (no ring)
MR     .....                    (no ring)
                                (no ring)
                                (no ring)
                                (no ring)

@: about to teleport, not resistant to hostile enchantments, stealthy
A: almost no armour, amphibious, 8 rings, constrict 8, camouflage 1, gelatinous
body 1
a: Channel Energy, Forget Spell, Renounce Religion


You were on level 6 of the Dungeon.
You worshipped Sif Muna.
Sif Muna was pleased with you.
You were not hungry.

You visited 1 branch of the dungeon, and saw 6 of its levels.

You collected 200 gold pieces.
You spent 100 gold pieces at shops.

Inventory:

Hand weapons
 g - a +2,+1 dagger of venom (weapon)
 l - a +0,+0 sling
Missiles
 i - 48 sling bullets
 m - 9 poisoned arrows
 n - 15 poisoned needles
Armour
 b - a +0 hat (worn)
Magical devices
 k - a wand of lightning (4)
Comestibles
 d - 3 bread rations
 j - 2 meat rations
 x - a pear
Scrolls
 a - 2 scrolls of identify
 e - 3 scrolls of immolation
 f - 7 scrolls of remove curse
 o - a scroll of recharging {unknown}
 q - a scroll of amnesia
 w - a scroll of enchant weapon II
Jewellery
 s - a cursed ring of magical power (left tentacle)
 v - an uncursed amulet of guardian spirit
Potions
 p - 4 potions of curing
 t - a potion of flight
 u - 2 potions of heal wounds
Books
 c - a book of Minor Magic

   Spells                             Type                      Level
   *Magic Dart                        Conjuration                  1
   *Blink                             Translocation                2
   Call Imp                           Summoning                    2
   *Repel Missiles                    Charms/Air                   2
   Slow                               Hexes                        2
   Conjure Flame                      Conjuration/Fire             3
   *Mephitic Cloud                    Conjuration/Poison/Air       3
 h - a book of Dreams

   Spells                             Type                      Level
   *Ensorcelled Hibernation           Hexes/Ice                    2
   Flight                             Charms/Air                   3
   Phase Shift                        Translocation                5
   Shadow Creatures                   Summoning                    5
   Mass Confusion                     Hexes                        6
   Darkness                           Hexes                        7


   Skills:
 - Level 3.0 Dodging
 - Level 2.6 Stealth
 - Level 3.0 Spellcasting
 + Level 6.6 Conjurations
 * Level 1.5 Hexes
   Level 1.0 Summonings
 - Level 1.0 Translocations
 - Level 5.1 Poison Magic


You had 2 spell levels left.
You knew the following spells:

 Your Spells              Type           Power        Failure   Level  Hunger
a - Magic Dart            Conj           ####         1%          1    None
b - Blink                 Tloc           N/A          17%         2    ##.....
c - Repel Missiles        Chrm/Air       #.....       24%         2    ##.....
d - Mephitic Cloud        Conj/Pois/Air  ###.....     10%         3    ###....
e - Ensorcelled Hibernat  Hex/Ice        #.....       17%         2    ##.....


Dungeon Overview and Level Annotations

Branches:
Dungeon (6/15)             Temple (0/1) D:5

Altars:
Cheibriados
Fedhas
Kikubaaqudgha
Okawaru
Sif Muna
Xom

Shops:
D:4 }

Annotations:
D:5 Sigmund


Innate Abilities, Weirdness & Mutations

You cannot wear most types of armour.
You are amphibious.
You can wear up to eight rings at the same time.
You can use your tentacles to constrict many enemies at once.
Your skin changes colour to match your surroundings (Stlth).
Your rubbery body absorbs attacks (AC +1).


Message History

The helpless ice beast fails to defend itself.
You hit the ice beast.
The ice beast is lightly wounded.
The ice beast hits you. The ice beast freezes you!
You hit the ice beast.
The ice beast is moderately wounded.
The ice beast hits you. The ice beast freezes you!
* * * LOW HITPOINT WARNING * * *
You hit the ice beast but do no damage. Your squeeze misses the ice beast.
The ice beast is moderately wounded.
The ice beast barely misses you.
You closely miss the ice beast.
The ice beast is moderately wounded.
The ice beast barely misses you.
Read which item? (? for menu, Esc to quit)
As you read the scroll of teleportation, it crumbles to dust.
You feel strangely unstable. The ice beast hits you.
* * * LOW HITPOINT WARNING * * *
The ice beast freezes you!
You die...

#########
#.......#
#.......#
#.......#
#..I@...#
...[.............
####.......####
#.......#
.........#
#.#.......#
.....##.## .#..
.# .


You could see an ice beast.

Vanquished Creatures
  Edmund (D:4)
  Menkaure (D:4)
  2 ogres (D:4)
  A hound (D:5)
  A quasit (D:5)
  2 orc priests
  An orc wizard (D:3)
  2 worker ants (D:4)
  An iguana (D:4)
  2 adders (D:2)
  4 green rats (D:3)
  A giant mite (D:3)
  2 worms (D:3)
  An adder skeleton (D:4)
  2 giant geckos
  2 oozes
  6 orcs
  5 giant cockroaches
  6 goblins
  11 hobgoblins
  A quokka (D:2)
  4 ball pythons (D:1)
  17 bats
  5 giant newts
  A goblin skeleton (D:5)
  A hobgoblin skeleton (D:4)
  6 jackals
  8 kobolds
  7 rats
104 creatures vanquished.

Notes
Turn   | Place    | Note
--------------------------------------------------------------
     0 | D:1      | MrRokkomies, the Octopode Wizard, began the quest for the Orb.
     0 | D:1      | Reached XP level 1. HP: 11/11 MP: 4/4
   283 | D:1      | Reached XP level 2. HP: 17/17 MP: 6/6
   293 | D:1      | Learned a level 2 spell: Blink
   296 | D:1      | Learned a level 2 spell: Repel Missiles
  1314 | D:1      | Reached XP level 3. HP: 21/21 MP: 3/7
  1425 | D:1      | Learned a level 3 spell: Mephitic Cloud
  1896 | D:2      | Found a blossoming altar of Fedhas.
  2063 | D:2      | Reached skill level 1 in Poison Magic
  2071 | D:2      | Reached XP level 4. HP: 23/27 MP: 1/9
  2804 | D:3      | Found a shimmering altar of Xom.
  2831 | D:3      | HP: 1/27 [green rat (4)]
  3143 | D:3      | Reached XP level 5. HP: 22/31 MP: 11/11
  3303 | D:3      | Found a snail-covered altar of Cheibriados.
  3303 | D:3      | Found a shimmering altar of Xom.
  3303 | D:3      | Found a deep blue altar of Sif Muna.
  3305 | D:3      | Found an iron altar of Okawaru.
  3307 | D:3      | Found an ancient bone altar of Kikubaaqudgha.
  3320 | D:3      | Became a worshipper of Sif Muna the Loreminder
  4071 | D:4      | Learned a level 2 spell: Ensorcelled Hibernation
  4192 | D:4      | Noticed Edmund
  4215 | D:4      | Killed Edmund
  4215 | D:4      | Reached skill level 4 in Conjurations
  4215 | D:4      | Reached XP level 6. HP: 26/36 MP: 12/12
  4637 | D:4      | Reached skill level 5 in Conjurations
  4715 | D:4      | Noticed an ogre
  4727 | D:4      | Acquired Sif Muna's first power
  4729 | D:4      | Killed an ogre
  4729 | D:4      | Reached XP level 7. HP: 36/41 MP: 14/14
  4876 | D:4      | Noticed Menkaure
  5020 | D:4      | Noticed an ogre
  5026 | D:4      | Killed an ogre
  5182 | D:4      | Found Craecuy's Gadget Shoppe.
  5196 | D:4      | Bought a wand of lightning (6) for 100 gold pieces
  5255 | D:4      | Killed Menkaure
  5255 | D:4      | Reached skill level 6 in Conjurations
  5255 | D:4      | Reached skill level 5 in Poison Magic
  5312 | D:3      | Reached skill level 1 in Hexes
  5567 | D:5      | Entered Level 5 of the Dungeon
  5592 | D:5      | Found a staircase to the Ecumenical Temple.
  5842 | D:5      | Acquired Sif Muna's second power
  6150 | D:5      | Noticed Sigmund
  6162 | D:6      | Slain by an ice beast

Action                   |  1- 3 |  4- 6 |  7- 9 || total
-------------------------+-------+-------+-------++-------
Melee: Unarmed           |     8 |       |       ||     8
       Whip              |     3 |       |       ||     3
       Dagger            |    63 |   104 |    33 ||   200
 Cast: Magic Dart        |    57 |    72 |    11 ||   140
       Mephitic Cloud    |       |     4 |     3 ||     7
Evoke: Wand              |       |       |     2 ||     2
  Use: Scroll            |       |    11 |     2 ||    13
       Potion            |       |     2 |       ||     2
 Stab: Sleeping          |     2 |     5 |     4 ||    11
       Confused          |       |     3 |     1 ||     4
       Distracted        |       |     1 |       ||     1
